Map: Romanticide LE

Players

Nice - Winner!

  • Race: Protoss Protoss

DPGRogue (Rogue)

  • Race: Zerg Zerg

Event: DreamHack SC2 Masters 2021 Summer

VOD

Have the link to the VOD?

Description

Time

  • Played on: July 2, 2021, 9:14 a.m.
  • Length: 13:21

All games in this series

Show
View Real Time Build Order
Export as new Build Order

Nice Protoss - Winner!

Build Orders: 1 Gate Expand, Oracle Opening, Zealot Archon 

Get SALT Encoding   

  12  0:00  Probe  
  13  0:12  Probe  
  14  0:19  Pylon  
  14  0:24  Probe  
  15  0:37  Probe (Chrono Boost)  
  15  0:41  Gateway  
  16  0:49  Probe (Chrono Boost)  
  17  0:51  Assimilator  
  17  0:54  Probe (Chrono Boost)  
  19  1:04  Probe  
  19  1:16  Probe  
  20  1:28  Nexus  
  20  1:36  Cybernetics Core  
  20  1:43  Assimilator  
  20  1:44  Probe  
  21  1:50  Pylon  
  21  1:56  Probe  
  22  2:08  Probe (Chrono Boost)  
  22  2:09  Adept (Chrono Boost)  
  25  2:20  Probe (Chrono Boost)  
  26  2:24  Stargate  
  26  2:25  Probe (Chrono Boost)  
  27  2:31  Adept  
  27  2:35  Warp Gate  
  30  2:37  Probe (Chrono Boost)  
  30  2:41  Probe (Chrono Boost)  
  31  2:51  Probe x2 (Chrono Boost)  
  33  2:56  Probe (Chrono Boost)  
  34  2:59  Probe  
  34  3:00  Void Ray (Chrono Boost)  
  35  3:08  Probe  
  40  3:13  Probe  
  40  3:19  Pylon  
  39  3:20  Probe  
  39  3:22  Gateway  
  39  3:25  Probe  
  41  3:32  Probe  
  42  3:36  Oracle  
  42  3:37  Probe  
  46  3:48  Probe  
  47  3:50  Probe  
  48  3:57  Nexus  
  48  3:58  Pylon  
  48  4:00  Probe  
  49  4:05  Pylon  
  49  4:07  Void Ray  
  49  4:09  Pylon  
  49  4:10  Probe  
  49  4:16  Probe (Chrono Boost)  
  55  4:18  Assimilator  
  55  4:20  Assimilator  
  55  4:23  Probe (Chrono Boost)  
  56  4:28  Probe (Chrono Boost)  
  56  4:29  Stargate  
  57  4:32  Forge  
  57  4:34  Probe (Chrono Boost)  
  57  4:36  Probe (Chrono Boost)  
  59  4:38  Probe (Chrono Boost)  
  59  4:42  Probe  
  59  4:45  Void Ray  
  61  4:49  Probe  
  66  4:54  Probe  
  67  5:01  Probe (Chrono Boost)  
  67  5:06  Protoss Ground Weapons Level 1 (Chrono Boost)  
  69  5:09  Twilight Council  
  69  5:10  Robotics Facility, Probe (Chrono Boost)  
  69  5:13  Probe x2 (Chrono Boost)  
  71  5:21  Probe x2 (Chrono Boost)  
  74  5:22  Shield Battery, Pylon, Probe (Chrono Boost)  
  74  5:25  Shield Battery  
  74  5:30  Sentry x2  
  74  5:31  Probe (Chrono Boost)  
  74  5:32  Probe x2 (Chrono Boost)  
  74  5:33  Pylon  
  81  5:39  Probe (Chrono Boost)  
  81  5:41  Probe x2 (Chrono Boost)  
  84  5:44  Assimilator  
  84  5:45  Assimilator, Charge, Probe  
  84  5:46  Gateway  
  85  5:51  Probe x2, Gateway  
  85  5:53  Gateway  
  85  5:56  Gateway  
  87  5:57  Probe  
  87  6:02  Templar Archives  
  88  6:06  Observer  
  89  6:16  Gateway  
  86  6:20  Gateway  
  86  6:21  Sentry  
  86  6:22  Zealot, Gateway  
  86  6:23  Probe x2  
  86  6:24  Gateway  
  92  6:29  Pylon  
  92  6:31  Pylon  
  92  6:39  Pylon, Photon Cannon  
  92  6:44  Warp Prism  
  92  6:46  High Templar x2  
  92  6:47  Zealot x2  
  100  6:50  Archon  
  102  6:58  Pylon  
  102  7:01  Protoss Ground Weapons Level 2 (Chrono Boost)  
  102  7:04  Probe x3, Nexus  
  102  7:07  Pylon  
  102  7:08  High Templar x2  
  109  7:09  Zealot  
  109  7:15  Archon  
  111  7:16  Probe x3  
  111  7:18  Pylon  
  114  7:23  Zealot x2  
  114  7:24  Zealot x4  
  114  7:28  Probe x2  
  128  7:32  Blink  
  128  7:33  Forge  
  128  7:44  Photon Cannon  
  128  7:46  High Templar x2  
  128  7:47  Photon Cannon  
  128  7:48  Pylon, Shield Battery  
  128  7:50  Archon  
  132  7:52  Probe x2  
  132  7:56  Gateway  
  132  7:57  Probe  
  132  7:58  Shield Battery  
  135  7:59  Gateway  
  135  8:00  High Templar x2  
  135  8:04  Probe x2, Archon  
  141  8:09  Probe  
  142  8:16  Probe  
  143  8:20  Zealot x5, High Templar x2  
  143  8:24  Archon  
  149  8:37  Zealot x2  
  148  8:45  Immortal (Chrono Boost), Zealot x5  
  139  9:06  High Templar x4  
  139  9:07  Zealot x5  
  139  9:08  Zealot x2  
  155  9:10  Archon x2  
  155  9:17  Immortal (Chrono Boost)  
  155  9:18  Protoss Ground Armor Level 1 (Chrono Boost)  
  143  9:29  Zealot x2  
  129  9:33  Zealot x5  
  135  9:39  Zealot x4  
  131  9:49  Immortal  
  135  9:54  Protoss Ground Weapons Level 3 (Chrono Boost)  
  135  9:55  High Templar  
  135  9:56  High Templar  
  135  9:57  Zealot x3  
  135  9:58  Pylon, Nexus  
  141  10:01  Archon  
  135  10:08  Zealot x2  
  135  10:11  Zealot x2  
  135  10:13  Observer  
  133  10:23  Nexus  
  133  10:24  Shield Battery  
  133  10:26  Immortal  
  133  10:31  Sentry x3  
  143  10:38  Shield Battery  
  143  10:54  Zealot, High Templar x2  
  143  10:55  Zealot x3  
  155  10:59  Archon  
  155  11:04  Immortal  
  155  11:06  Pylon, Photon Cannon  
  159  11:16  High Templar x2  
  163  11:20  Archon  
  163  11:23  Zealot  
  163  11:25  Zealot x4  
  168  11:34  Immortal  
  168  11:39  Photon Cannon  
  168  11:40  Shield Battery  
  172  11:48  Shield Battery  
  172  11:49  Assimilator  
  172  11:53  Assimilator  
  172  11:54  High Templar x2  
  172  11:57  Zealot x2  
  172  11:58  Zealot x4  
  188  12:01  Archon  
  188  12:20  Pylon  
  188  12:21  Pylon  
  180  12:25  Zealot x6  
  180  12:27  Zealot x3  
  176  12:36  Nexus  
  164  12:37  Pylon  
  151  12:47  Zealot x5  
  151  12:48  Zealot x3  
Show
View Real Time Build Order
Export as new Build Order

DPGRogue Zerg 

Build Orders: Hatch First 

Get SALT Encoding   

  12  0:00  Drone  
  13  0:12  Overlord  
  13  0:16  Drone  
  14  0:30  Drone  
  15  0:44  Drone x2  
  17  0:51  Hatchery  
  17  0:54  Drone  
  17  0:59  Drone  
  18  1:08  Extractor  
  17  1:14  Spawning Pool  
  17  1:17  Drone  
  17  1:20  Drone  
  18  1:28  Drone  
  19  1:38  Overlord  
  19  1:49  Drone  
  20  2:00  Queen  
  20  2:01  Zergling x2  
  23  2:02  Queen  
  23  2:03  Zergling x2  
  26  2:11  Drone  
  26  2:12  Metabolic Boost  
  26  2:14  Drone  
  28  2:22  Drone  
  29  2:24  Drone  
  30  2:32  Drone  
  30  2:35  Drone  
  32  2:44  Hatchery  
  32  2:46  Drone x2  
  33  2:53  Zergling x2  
  33  2:54  Queen  
  36  3:01  Overlord  
  36  3:05  Spore Crawler  
  36  3:07  Spore Crawler  
  36  3:09  Drone  
  33  3:18  Queen  
  37  3:20  Drone x3  
  37  3:22  Drone  
  41  3:27  Drone  
  41  3:29  Overlord  
  41  3:33  Drone  
  43  3:37  Overlord  
  43  3:45  Overlord  
  43  3:55  Drone x3  
  44  3:56  Drone x2  
  44  3:57  Queen  
  44  3:58  Evolution Chamber  
  44  3:59  Spore Crawler, Drone  
  44  4:02  Drone  
  50  4:05  Drone x2  
  50  4:08  Drone x2  
  50  4:09  Drone  
  55  4:17  Drone  
  55  4:18  Drone  
  55  4:20  Drone  
  58  4:25  Zerg Melee Weapons Level 1  
  58  4:26  Overlord  
  58  4:28  Drone x3  
  58  4:29  Queen  
  63  4:33  Extractor, Drone  
  63  4:34  Drone x2  
  63  4:37  Drone  
  66  4:40  Overlord  
  66  4:47  Baneling Nest  
  65  4:53  Drone x8  
  65  4:54  Drone  
  74  5:01  Overlord  
  74  5:04  Queen  
  76  5:07  Zergling x2  
  76  5:08  Zergling x6  
  76  5:09  Evolution Chamber, Drone x2  
  81  5:16  Queen, Extractor  
  81  5:18  Extractor  
  81  5:19  Spore Crawler  
  81  5:20  Spore Crawler  
  81  5:21  Zergling x2  
  80  5:22  Drone  
  80  5:23  Drone  
  80  5:24  Lair  
  82  5:30  Drone x5  
  82  5:35  Zergling x6  
  90  5:44  Overlord x2  
  90  5:56  Hatchery, Queen, Overlord x2  
  90  5:57  Extractor, Roach Warren  
  90  6:00  Queen  
  90  6:01  Overlord  
  90  6:03  Drone  
  90  6:04  Drone x6  
  96  6:09  Zerg Ground Armor Level 1  
  97  6:16  Hatchery  
  96  6:19  Zergling x10  
  96  6:23  Overseer, Zerg Melee Weapons Level 2  
  101  6:28  Pneumatized Carapace  
  101  6:31  Zergling x2  
  101  6:32  Zergling x8  
  105  6:34  Zergling x4  
  105  6:37  Zergling x4  
  105  6:38  Zergling x2  
  110  6:41  Glial Reconstitution  
  109  6:47  Extractor, Centrifical Hooks  
  109  6:49  Drone x2  
  109  6:51  Overlord  
  110  6:57  Roach x2  
  110  6:58  Roach x4  
  110  6:59  Roach  
  124  7:05  Roach x2  
  128  7:11  Roach  
  128  7:12  Roach x4  
  128  7:13  Overlord  
  138  7:25  Overlord x2  
  134  7:32  Roach x2  
  134  7:35  Roach x2  
  140  7:38  Roach  
  140  7:39  Roach x3  
  140  7:41  Roach  
  140  7:42  Roach  
  152  7:45  Roach x3  
  152  7:47  Roach x2  
  152  7:49  Overlord  
  152  7:51  Overlord  
  162  7:54  Overseer  
  162  7:55  Ravager  
  162  7:56  Ravager x3  
  162  7:57  Roach  
  168  8:01  Overlord x2  
  168  8:04  Zerg Missile Weapons Level 1  
  168  8:05  Baneling x6  
  168  8:11  Roach x4  
  168  8:12  Zergling x8  
  180  8:18  Roach  
  180  8:19  Roach, Overlord  
  183  8:21  Overlord  
  183  8:26  Baneling x7  
  180  8:29  Zergling x4, Roach x2  
  185  8:38  Roach x5  
  189  8:45  Roach x3  
  189  8:46  Zergling x2  
  190  8:54  Roach  
  190  8:55  Roach x3  
  187  8:58  Zergling x2  
  187  8:59  Zergling x4  
  182  9:05  Roach  
  182  9:07  Roach x4  
  182  9:08  Zergling x4  
  184  9:11  Zergling x4  
  184  9:14  Zergling x2  
  186  9:23  Roach x4  
  167  9:32  Roach x3  
  167  9:34  Roach, Overseer x2  
  167  9:35  Zergling x4  
  154  9:41  Drone x6  
  133  9:48  Drone x4  
  133  9:57  Roach x3  
  133  9:58  Roach  
  141  10:00  Roach  
  141  10:06  Roach x2  
  130  10:08  Roach  
  124  10:15  Roach  
  124  10:16  Queen x2  
  124  10:18  Queen  
  124  10:20  Roach x2  
  124  10:21  Zergling x2  
  134  10:25  Drone  
  134  10:28  Queen  
  135  10:30  Ravager x2  
  135  10:31  Zergling x8  
  143  10:36  Ravager  
  143  10:39  Roach  
  143  10:40  Roach  
  143  10:42  Extractor  
  147  10:44  Overseer  
  147  10:51  Hatchery  
  147  10:52  Zergling x12  
  152  10:59  Drone  
  152  11:00  Drone  
  154  11:07  Extractor, Drone x2  
  155  11:14  Baneling x2  
  155  11:15  Baneling x11  
  155  11:16  Zergling x8  
  159  11:22  Zergling x4  
  159  11:25  Zergling x4  
  161  11:28  Zergling x2  
  161  11:29  Zergling x10  
  165  11:36  Zergling x2  
  165  11:37  Zergling x14  
  170  11:48  Zergling x2  
  170  11:49  Zergling x2  
  170  11:50  Zergling x6  
  170  11:53  Zergling x2  
  174  11:54  Ravager  
  174  11:55  Ravager x5  
  174  11:56  Zergling x2, Ravager  
  174  11:57  Zergling x2  
  174  11:58  Baneling x7  
  174  11:59  Zergling x2  
  184  12:05  Drone x2  
  184  12:06  Drone x2  
  188  12:10  Zergling x2  
  188  12:12  Baneling x6  
  188  12:15  Zergling x12  
  191  12:23  Zergling x2  
  191  12:24  Zergling x10  
  191  12:26  Zergling x2  
  188  12:30  Zergling x2  
  188  12:31  Zergling x2  
  188  12:33  Baneling x6  
  181  12:38  Zergling x2  
  181  12:39  Zergling x2  
  181  12:41  Zergling x8  
  181  12:44  Zergling x2  
  173  12:46  Zergling x10  
  159  12:56  Zergling x14  
  115  12:59  Roach  
  115  13:02  Roach x2  
Tags
 
Add a new tag
Caveats
  • Supply blocks, unpowered buildings, or Contaminate may cause inaccurate times.
  • Supply counts are checked every 10 seconds.